| TOP OF THE 1ST |
|
Wisconsin Timber Rattlers batting - Pitching for Greensboro Grasshoppers : RHP Kevin Weil
|
|
Pitching: RHP Kevin Weil
|
|
|
Batting: RHB Jose Cerritos
|
0-0: Ball 1-0: Foul Ball, location: 2F 1-1: Ground out 4-3 (Groundball, 34, EV 90.0 MPH)
|
|
Batting: LHB Fumito Sakurai
|
0-0: Ball 1-0: Ball 2-0: Swinging Strike 2-1: Ground out 4-3 (Groundball, 4D, EV 104.4 MPH)
|
|
Batting: LHB Karel Hort
|
0-0: Ball 1-0: Swinging Strike 1-1: SOLO HOME RUN (Flyball, 9LD, EV 97.5 MPH), Distance : 362 ft
|
|
Batting: RHB Ryan Miller
|
0-0: Called Strike 0-1: Ball 1-1: Ball 2-1: SINGLE (Line Drive, 34, EV 96.9 MPH)
|
|
Batting: RHB Xiao-shuang Au
|
0-0: Called Strike 0-1: Fly out, F9 (Flyball, 9D, EV 108.8 MPH)
|
| Top of the 1st over - 1 run, 2 hits, 0 errors, 1 left on base; Wisconsin 1 - Greensboro 0 |
| BOTTOM OF THE 1ST |
|
Greensboro Grasshoppers batting - Pitching for Wisconsin Timber Rattlers : LHP Billy Rojas
|
|
Pitching: LHP Billy Rojas
|
|
|
Batting: RHB Tom Thompson
|
0-0: Called Strike 0-1: Called Strike 0-2: Foul Ball, location: 2F 0-2: Foul Ball, location: 2F 0-2: Foul Ball, location: 2F 0-2: Fly out, F7 (Flyball, 78M, EV 92.5 MPH)
|
|
Batting: RHB Alberto Bravo
|
0-0: Ball 1-0: Foul Ball, location: 2F 1-1: Ball 2-1: Foul Ball, location: 2F 2-2: SINGLE (Groundball, 4MD, EV 101.9 MPH)
|
|
Batting: RHB Miguel Velasco
|
0-0: Ball 1-0: Ball 2-0: Swinging Strike 2-1: DOUBLE (Line Drive, 7LD, EV 103.1 MPH) Alberto Bravo to third Runner from 3rd tries for Home, SAFE, no throw by LF
|
|
Batting: RHB J.D. Vander Klok
|
0-0: Called Strike 0-1: Ball 1-1: Fly out, F3 (Line Drive, 34, EV 70.0 MPH)
|
|
Batting: LHB Angelo Estrella
|
0-0: Foul Ball, location: 2F 0-1: SINGLE (Line Drive, 9LS, EV 99.4 MPH) Miguel Velasco to third Runner from 3rd tries for Home, SAFE, throw by RF to home
|
|
Batting: LHB Justin Blakely
|
0-0: Ground out 4-3 (Groundball, 34, EV 88.1 MPH)
|
| Bottom of the 1st over - 2 runs, 3 hits, 0 errors, 1 left on base; Wisconsin 1 - Greensboro 2 |
| TOP OF THE 2ND |
|
Wisconsin Timber Rattlers batting - Pitching for Greensboro Grasshoppers : RHP Kevin Weil
|
|
Batting: LHB John Fortin
|
0-0: Ball 1-0: Fly out, F8 (Flyball, 8RD, EV 93.8 MPH)
|
|
Batting: RHB Dan Allred
|
0-0: Called Strike 0-1: Ball 1-1: Foul Ball, location: 2F 1-2: Ball 2-2: Foul Ball, location: 2F 2-2: Ball 3-2: SOLO HOME RUN (Flyball, 7LD, EV 91.2 MPH), Distance : 356 ft
|
|
Batting: SHB Robert Sayer
|
0-0: Called Strike 0-1: Ball 1-1: Foul Ball, location: 2F 1-2: SINGLE (Line Drive, 34, EV 95.6 MPH)
|
|
Batting: RHB Chris Fruit
|
0-0: Swinging Strike 0-1: Ball Wild Pitch! Robert Sayer to second 1-1: Ground out 6-3 (Groundball, 6, EV 90.0 MPH) Robert Sayer to third
|
|
Batting: RHB Jose Cerritos
|
0-0: Ball 1-0: Ball 2-0: Called Strike 2-1: Foul Ball, location: 2F 2-2: Strikes out swinging
|
| Top of the 2nd over - 1 run, 2 hits, 0 errors, 1 left on base; Wisconsin 2 - Greensboro 2 |
| BOTTOM OF THE 2ND |
|
Greensboro Grasshoppers batting - Pitching for Wisconsin Timber Rattlers : LHP Billy Rojas
|
|
Batting: LHB Ryan Karg
|
0-0: Ball 1-0: Ground out 6-3 (Groundball, 6, EV 103.8 MPH)
|
|
Batting: RHB Nick Dunton
|
0-0: Ball 1-0: Ball 2-0: Foul Ball, location: 2F 2-1: Foul Ball, location: 2F 2-2: Ground out 4-3 (Groundball, 4, EV 81.9 MPH)
|
|
Batting: LHB Jose Cabello
|
0-0: SINGLE (Line Drive, 4D, EV 99.4 MPH)
|
|
Batting: RHB Tom Thompson
|
0-0: Ball 1-0: Called Strike Jose Cabello steals 2nd base 1-1: Swinging Strike 1-2: Ball 2-2: Foul Ball, location: 2F 2-2: Ground out U3 (Groundball, 3, EV 80.0 MPH)
|
| Bottom of the 2nd over - 0 runs, 1 hit, 0 errors, 1 left on base; Wisconsin 2 - Greensboro 2 |
| TOP OF THE 3RD |
|
Wisconsin Timber Rattlers batting - Pitching for Greensboro Grasshoppers : RHP Kevin Weil
|
|
Batting: LHB Fumito Sakurai
|
0-0: Ball 1-0: Ball 2-0: Ground out U3 (Groundball, 34, EV 77.5 MPH)
|
|
Batting: LHB Karel Hort
|
0-0: Foul Ball, location: 2F 0-1: Ball 1-1: Ball 2-1: Foul Ball, location: 2F 2-2: Strikes out swinging
|
|
Batting: RHB Ryan Miller
|
0-0: Swinging Strike 0-1: Ball 1-1: SINGLE (Groundball, 34D, EV 106.2 MPH) (infield hit)
|
|
Batting: RHB Xiao-shuang Au
|
0-0: Ball 1-0: Called Strike 1-1: Swinging Strike 1-2: Foul Ball, location: 2F 1-2: Strikes out looking
|
| Top of the 3rd over - 0 runs, 1 hit, 0 errors, 1 left on base; Wisconsin 2 - Greensboro 2 |
| BOTTOM OF THE 3RD |
|
Greensboro Grasshoppers batting - Pitching for Wisconsin Timber Rattlers : LHP Billy Rojas
|
|
Batting: RHB Alberto Bravo
|
0-0: Bunt missed! 0-1: Ball 1-1: Called Strike 1-2: Ball 2-2: Foul Ball, location: 2F 2-2: DOUBLE (Line Drive, 5D, EV 96.2 MPH)
|
|
Batting: RHB Miguel Velasco
|
0-0: Called Strike 0-1: Called Strike 0-2: Ball 1-2: Ball 2-2: Ball 3-2: Strikes out swinging
|
|
Batting: RHB J.D. Vander Klok
|
0-0: Ball 1-0: Foul Ball, location: 2F 1-1: Swinging Strike 1-2: Foul Ball, location: 2F 1-2: DOUBLE (Groundball, 5L, EV 108.1 MPH) Alberto Bravo scores
|
|
Batting: LHB Angelo Estrella
|
0-0: Ball 1-0: Ball 2-0: Called Strike 2-1: Called Strike 2-2: Foul Ball, location: 2F 2-2: DOUBLE (Groundball, 5L, EV 103.8 MPH) J.D. Vander Klok scores
|
|
Batting: LHB Justin Blakely
|
0-0: Ball 1-0: Swinging Strike 1-1: Fly out, F7 (Line Drive, 7, EV 98.1 MPH)
|
|
Batting: LHB Ryan Karg
|
0-0: Ball 1-0: Called Strike 1-1: Swinging Strike Passed Ball! Angelo Estrella to third 1-2: Ball 2-2: Strikes out looking
|
| Bottom of the 3rd over - 2 runs, 3 hits, 0 errors, 1 left on base; Wisconsin 2 - Greensboro 4 |
| TOP OF THE 4TH |
|
Wisconsin Timber Rattlers batting - Pitching for Greensboro Grasshoppers : RHP Kevin Weil
|
|
Batting: LHB John Fortin
|
0-0: Fly out, F3 (Line Drive, 34, EV 65.6 MPH)
|
|
Batting: RHB Dan Allred
|
0-0: Ball 1-0: Foul Ball, location: 2F 1-1: Ball 2-1: Ball 3-1: Fly out, F9 (Flyball, 89M, EV 84.4 MPH)
|
|
Batting: SHB Robert Sayer
|
0-0: Swinging Strike 0-1: Ball 1-1: Hit by Pitch
|
|
Batting: RHB Chris Fruit
|
0-0: Called Strike 0-1: Called Strike 0-2: Ball Pickoff Throw by Catcher to First - Out!
|
| Top of the 4th over - 0 runs, 0 hits, 0 errors, 0 left on base; Wisconsin 2 - Greensboro 4 |
| BOTTOM OF THE 4TH |
|
Greensboro Grasshoppers batting - Pitching for Wisconsin Timber Rattlers : LHP Billy Rojas
|
|
Batting: RHB Nick Dunton
|
0-0: Ball 1-0: Ground out 6-3 (Groundball, 6S, EV 71.9 MPH)
|
|
Batting: LHB Jose Cabello
|
0-0: Ball 1-0: Swinging Strike 1-1: Foul Ball, location: 2F 1-2: Ball 2-2: Strikes out swinging
|
|
Batting: RHB Tom Thompson
|
0-0: Called Strike 0-1: Ball 1-1: Called Strike 1-2: Ball 2-2: Foul Ball, location: 2F 2-2: Ball 3-2: Hit by Pitch
|
|
Batting: RHB Alberto Bravo
|
0-0: SINGLE (Groundball, 6D, EV 102.5 MPH) Tom Thompson to second
|
|
Batting: RHB Miguel Velasco
|
0-0: Called Strike 0-1: Ball 1-1: Fly out, F7 (Line Drive, 78M, EV 87.5 MPH)
|
| Bottom of the 4th over - 0 runs, 1 hit, 0 errors, 2 left on base; Wisconsin 2 - Greensboro 4 |
| TOP OF THE 5TH |
|
Wisconsin Timber Rattlers batting - Pitching for Greensboro Grasshoppers : RHP Kevin Weil
|
|
Batting: RHB Chris Fruit
|
0-0: Ball 1-0: Called Strike 1-1: Ball 2-1: Swinging Strike 2-2: Foul Ball, location: 2F 2-2: Ball 3-2: Fly out, F8 (Flyball, 89D, EV 86.2 MPH)
|
|
Batting: RHB Jose Cerritos
|
0-0: Swinging Strike 0-1: Ball 1-1: Swinging Strike 1-2: Ball 2-2: Ball 3-2: Foul Ball, location: 2F 3-2: Foul Ball, location: 2F 3-2: Foul Ball, location: 2F 3-2: Fly out, F7 (Flyball, 7, EV 85.0 MPH)
|
|
Batting: LHB Fumito Sakurai
|
0-0: Ball 1-0: Ball 2-0: Ball 3-0: Called Strike 3-1: Swinging Strike 3-2: SINGLE (Groundball, 34D, EV 102.5 MPH)
|
|
Batting: LHB Karel Hort
|
0-0: Called Strike 0-1: Ball 1-1: Foul Ball, location: 2F 1-2: Foul Ball, location: 2F 1-2: Foul Ball, location: 2F 1-2: 2-RUN HOME RUN (Flyball, 9LD, EV 95.6 MPH), Distance : 362 ft
|
|
Batting: RHB Ryan Miller
|
0-0: Fly out, F8 (Flyball, 8RD, EV 99.4 MPH)
|
| Top of the 5th over - 2 runs, 2 hits, 0 errors, 0 left on base; Wisconsin 4 - Greensboro 4 |
| BOTTOM OF THE 5TH |
|
Greensboro Grasshoppers batting - Pitching for Wisconsin Timber Rattlers : LHP Billy Rojas
|
|
Batting: RHB J.D. Vander Klok
|
0-0: Ball 1-0: Ball 2-0: Called Strike 2-1: Ground out 4-3 (Groundball, 4, EV 87.5 MPH)
|
|
Batting: LHB Angelo Estrella
|
0-0: Called Strike 0-1: Ground out 6-3 (Groundball, 6, EV 81.9 MPH)
|
|
Batting: LHB Justin Blakely
|
0-0: Ground out 4-3 (Groundball, 4, EV 85.0 MPH)
|
| Bottom of the 5th over - 0 runs, 0 hits, 0 errors, 0 left on base; Wisconsin 4 - Greensboro 4 |
| TOP OF THE 6TH |
|
Wisconsin Timber Rattlers batting - Pitching for Greensboro Grasshoppers : RHP Kevin Weil
|
|
Batting: RHB Xiao-shuang Au
|
0-0: Called Strike 0-1: SINGLE (Line Drive, 7S, EV 93.1 MPH)
|
|
Batting: LHB John Fortin
|
0-0: Ball 1-0: Ball 2-0: Called Strike 2-1: Swinging Strike 2-2: Foul Ball, location: 2F 2-2: Strikes out swinging
|
|
Batting: RHB Dan Allred
|
0-0: Called Strike Xiao-shuang Au steals 2nd base 0-1: Foul Ball, location: 2F 0-2: Ball 1-2: Ground out 4-3 (Groundball, 4M, EV 86.2 MPH) Xiao-shuang Au to third
|
|
Pitching: RHP Matt Alexander
|
|
|
Batting: SHB Robert Sayer
|
0-0: Foul Ball, location: 2F 0-1: Fly out, F9 (Flyball, 9D, EV 107.5 MPH)
|
| Top of the 6th over - 0 runs, 1 hit, 0 errors, 1 left on base; Wisconsin 4 - Greensboro 4 |
| BOTTOM OF THE 6TH |
|
Greensboro Grasshoppers batting - Pitching for Wisconsin Timber Rattlers : LHP Billy Rojas
|
|
Batting: LHB Ryan Karg
|
0-0: Ground out 1-3 (Groundball, 34S, EV 68.1 MPH)
|
|
Batting: RHB Nick Dunton
|
0-0: Ball 1-0: Fly out, F9 (Line Drive, 9S, EV 105.0 MPH)
|
|
Batting: LHB Jose Cabello
|
0-0: Ball 1-0: Ground out 6-3 (Groundball, 6M, EV 79.4 MPH)
|
| Bottom of the 6th over - 0 runs, 0 hits, 0 errors, 0 left on base; Wisconsin 4 - Greensboro 4 |
| TOP OF THE 7TH |
|
Wisconsin Timber Rattlers batting - Pitching for Greensboro Grasshoppers : RHP Matt Alexander
|
|
Batting: RHB Chris Fruit
|
0-0: Called Strike 0-1: Swinging Strike 0-2: Foul Ball, location: 2F 0-2: Ball 1-2: Ball 2-2: Ball 3-2: Base on Balls
|
|
Batting: RHB Jose Cerritos
|
0-0: Bunt missed! 0-1: Called Strike Chris Fruit steals 2nd base 0-2: Foul Ball, location: 2F 0-2: Ball 1-2: SINGLE (Line Drive, 9LM, EV 97.5 MPH) Chris Fruit to third
|
|
Batting: LHB Fumito Sakurai
|
0-0: Ball 1-0: 3-RUN HOME RUN (Flyball, 9D, EV 100.0 MPH), Distance : 381 ft
|
|
Pitching: RHP Bill Padgett
|
|
|
Batting: LHB Karel Hort
|
0-0: Ball 1-0: Called Strike 1-1: Ball 2-1: Foul Ball, location: 2F 2-2: SOLO HOME RUN (Flyball, 9LD, EV 101.9 MPH), Distance : 397 ft
|
|
Batting: RHB Ryan Miller
|
0-0: Ball 1-0: Ball 2-0: Ball 3-0: Called Strike 3-1: Foul Ball, location: 2F 3-2: Ground out 6-3 (Groundball, 6S, EV 68.8 MPH)
|
|
Batting: RHB Xiao-shuang Au
|
0-0: DOUBLE (Line Drive, 78M, EV 105.0 MPH)
|
|
Batting: LHB John Fortin
|
0-0: Ball 1-0: Foul Ball, location: 2F 1-1: Ball 2-1: Fly out, F7 (Line Drive, 7S, EV 95.6 MPH)
|
|
Batting: RHB Dan Allred
|
0-0: Called Strike 0-1: Foul Ball, location: 2F 0-2: Strikes out looking
|
| Top of the 7th over - 4 runs, 4 hits, 0 errors, 1 left on base; Wisconsin 8 - Greensboro 4 |
| BOTTOM OF THE 7TH |
|
Greensboro Grasshoppers batting - Pitching for Wisconsin Timber Rattlers : LHP Billy Rojas
|
|
Batting: RHB Tom Thompson
|
0-0: Ball 1-0: SINGLE (Groundball, 56D, EV 103.8 MPH) (infield hit)
|
|
Batting: RHB Alberto Bravo
|
0-0: Ball 1-0: Called Strike 1-1: Ball 2-1: Ball 3-1: Bunt missed! 3-2: SINGLE (Groundball, 6MS, EV 68.1 MPH) (infield hit) Tom Thompson to second
|
|
Pitching: LHP Juan Gonzalez
|
|
|
Batting: RHB Miguel Velasco
|
0-0: Swinging Strike 0-1: Called Strike 0-2: Strikes out looking
|
|
Batting: RHB J.D. Vander Klok
|
0-0: Ball 1-0: Grounds into double play, 6-4-3 (Groundball, 6, EV 84.4 MPH)
|
| Bottom of the 7th over - 0 runs, 2 hits, 0 errors, 1 left on base; Wisconsin 8 - Greensboro 4 |
| TOP OF THE 8TH |
|
Wisconsin Timber Rattlers batting - Pitching for Greensboro Grasshoppers : RHP Bill Padgett
|
|
Pitching: RHP Adam Brown
|
|
|
Batting: SHB Robert Sayer
|
0-0: Ball 1-0: Ball 2-0: Ball 3-0: Base on Balls
|
|
Batting: RHB Chris Fruit
|
0-0: Bunted foul 0-1: Bunt missed! 0-2: Ball 1-2: Strikes out swinging
|
|
Batting: RHB Jose Cerritos
|
0-0: Ball Robert Sayer steals 2nd base 1-0: Ground out 1-3 (Groundball, P, EV 69.4 MPH) Robert Sayer to third
|
|
Batting: LHB Fumito Sakurai
|
0-0: DOUBLE (Line Drive, 9LS, EV 110.0 MPH) Robert Sayer scores
|
|
Batting: LHB Karel Hort
|
0-0: SINGLE (Groundball, 6MD, EV 96.2 MPH) Fumito Sakurai to third Runner from 3rd tries for Home, SAFE, throw by CF to home
|
|
Batting: RHB Ryan Miller
|
0-0: Foul Ball, location: 2F 0-1: SINGLE (Groundball, 56S, EV 70.6 MPH) (infield hit) Karel Hort to second
|
|
Batting: RHB Xiao-shuang Au
|
0-0: Ball 1-0: Fielders Choice at 2nd, 6-4 (Groundball, 6, EV 86.9 MPH)
|
| Top of the 8th over - 2 runs, 3 hits, 0 errors, 2 left on base; Wisconsin 10 - Greensboro 4 |
| BOTTOM OF THE 8TH |
|
Greensboro Grasshoppers batting - Pitching for Wisconsin Timber Rattlers : LHP Juan Gonzalez
|
|
Batting: LHB Angelo Estrella
|
0-0: Foul Ball, location: 2F 0-1: Foul Ball, location: 2F 0-2: SINGLE (Groundball, 56D, EV 97.5 MPH)
|
|
Batting: LHB Justin Blakely
|
0-0: Ball 1-0: Swinging Strike 1-1: Foul Ball, location: 2F 1-2: Strikes out swinging
|
|
Batting: RHB Nate Crofts
|
0-0: Called Strike 0-1: Ball 1-1: Foul Ball, location: 2F 1-2: Ball 2-2: Strikes out swinging
|
|
Batting: RHB Nick Dunton
|
0-0: Foul Ball, location: 2F 0-1: Foul Ball, location: 2F 0-2: Foul Ball, location: 2F 0-2: Fly out, F7 (Line Drive, 7S, EV 90.0 MPH)
|
| Bottom of the 8th over - 0 runs, 1 hit, 0 errors, 1 left on base; Wisconsin 10 - Greensboro 4 |
| TOP OF THE 9TH |
|
Wisconsin Timber Rattlers batting - Pitching for Greensboro Grasshoppers : RHP Adam Brown
|
|
Batting: LHB John Fortin
|
0-0: Ball 1-0: Ball 2-0: Ball 3-0: Base on Balls
|
|
Batting: RHB Dan Allred
|
0-0: Called Strike 0-1: Ball 1-1: SINGLE (Groundball, P, EV 80.6 MPH) (infield hit) John Fortin to second
|
|
Batting: SHB Robert Sayer
|
0-0: Ball 1-0: Swinging Strike 1-1: Ball 2-1: Fielders Choice at 2nd, 4-6 (Groundball, 4S, EV 86.9 MPH) John Fortin to third
|
|
Batting: RHB Chris Fruit
|
0-0: Called Strike 0-1: Foul Ball, location: 2F 0-2: Grounds into double play, 6-4-3 (Groundball, 6, EV 88.8 MPH)
|
| Top of the 9th over - 0 runs, 1 hit, 0 errors, 1 left on base; Wisconsin 10 - Greensboro 4 |
| BOTTOM OF THE 9TH |
|
Greensboro Grasshoppers batting - Pitching for Wisconsin Timber Rattlers : LHP Juan Gonzalez
|
|
Batting: LHB Jose Cabello
|
0-0: Ball 1-0: Called Strike 1-1: Ball 2-1: Ball 3-1: Base on Balls
|
|
Batting: RHB Tom Thompson
|
0-0: Ball 1-0: Called Strike 1-1: Fielders Choice at 2nd, U6 (Groundball, P, EV 85.6 MPH)
|
|
Batting: RHB Alberto Bravo
|
0-0: Called Strike 0-1: SINGLE (Flyball, 6D, EV 93.1 MPH) Tom Thompson to second
|
|
Batting: RHB Miguel Velasco
|
0-0: Called Strike 0-1: Ball 1-1: Ball 2-1: Swinging Strike 2-2: Ball 3-2: Foul Ball, location: 2F 3-2: Strikes out looking
|
|
Batting: RHB J.D. Vander Klok
|
0-0: Ball 1-0: Ball 2-0: Called Strike 2-1: Called Strike 2-2: Foul Ball, location: 2F 2-2: Strikes out looking
|
| Bottom of the 9th over - 0 runs, 1 hit, 0 errors, 2 left on base; Wisconsin 10 - Greensboro 4 |
|